Unix NetHack Version 5.0.0-0 post-release - last build May 10 2026 23:12:36 (d1fa5d53e341ca933230fdaa984d921c805b60aa,branch:main).

Game began 2026-05-17 03:37:58, ended 2026-05-17 04:00:58.

IanCurtis, chaotic male elven Wizard

                                                            ---------------
                                                            |......%[.....|
                                                            -+---..-.---fG|
                                                              |...|-.|.@o.|
                                                            . |-..-..--|..|
                                                    +..     |--........-.+|
                                                            ..............|
                                                            --------|--..--
                                                            ..........|..--
                                                            |%[%%%(+")|...|
                                                            ---------------

IanCurtis the Conjurer    St:11 Dx:10 Co:15 In:17 Wi:13 Ch:9  Chaotic
Dlvl:8  $:28 HP:0(42) Pw:47(47) AC:9  Xp:5 T:2291 

Latest messages:
 Lock it? [ynq] (q) y
 You stop locking the door.
 In what direction? j
 The spell hits the dwarf!
 You kill the dwarf!
 The door opens.
 In what direction? l
 The door resists!
 In what direction? l
 The door resists!
 In what direction? l
 The door resists!
 In what direction? l
 The door closes.
 What do you want to use or apply? [cdk-ouyA or ?*] k
 In what direction? l
 Lock it? [ynq] (q) y
 You succeed in locking the door.
 You hear crashing rock.
 You hear a chugging sound.
 You are in full health.
 You hear someone incant ELAM EBOW.
 Call a scroll labeled ELAM EBOW: 
 You hear someone cursing shoplifters.
 You hear the chime of a cash register.
 You hear crashing rock.
 You hear crashing rock.
 You hear the splashing of a naiad.
 You hear someone beseeching Ptah.
 You hear a door open.
 You feel full of energy.
 This door is locked.
 Unlock it with your key? [ynq] (q) y
 You succeed in unlocking the door.
 The door opens.
 The jaguar hits!
 The jaguar hits again!
 The jaguar bites!
 The hobgoblin hits!
 The jaguar hits!
 The jaguar hits again!
 The jaguar bites!
 You miss the hobgoblin.
 The jaguar hits!
 The jaguar hits again!
 The jaguar bites!
 The hobgoblin hits!
 The jaguar hits!
 You die...
 Do you want your possessions identified? [ynq] (y) q

Inventory:
 Coins    ('$')
  $ - 28 gold pieces
 Weapons  (')')
  a - a blessed +1 quarterstaff (weapon in hands)
 Armor    ('[')
  b - an uncursed +0 cloak of magic resistance (being worn)
 Comestibles  ('%')
  p - 4 uncursed food rations
  J - an uncursed tripe ration
  x - 2 cursed tripe rations
 Scrolls  ('?')
  r - an uncursed scroll of amnesia
  i - 2 uncursed scrolls of blank paper
  B - an uncursed scroll of confuse monster
  s - 2 uncursed scrolls of destroy armor
  j - 2 uncursed scrolls of enchant weapon
  t - 2 uncursed scrolls of identify
  O - an uncursed scroll of identify named identify
 Spellbooks  ('+')
  A - a blessed spellbook of force bolt
  u - an uncursed spellbook of force bolt
  l - an uncursed spellbook of magic missile
 Potions  ('!')
  v - an uncursed potion of gain energy
  C - 2 uncursed potions of healing
  K - an uncursed potion of levitation
  L - a cursed potion of see invisible
  S - an uncursed potion of sleeping
  h - an uncursed potion of speed
  f - an uncursed potion of water
  g - an uncursed potion of water
 Rings    ('=')
  D - a cursed ring of aggravate monster
  H - an uncursed ring of cold resistance
  F - a blessed +1 ring of increase accuracy
  U - an uncursed ring of polymorph control
  e - an uncursed ring of sustain ability
 Wands    ('/')
  c - a wand of make invisible (0:7)
 Tools    ('(')
  o - an uncursed bugle
  n - an uncursed blindfold
  y - a cursed blindfold
  m - a magic marker (0:21)
  d - a +0 pick-axe
  k - a cursed skeleton key

IanCurtis the Wizard's attributes:

Background:
 You were a Conjurer, a level 5 male elven Wizard.
 You were chaotic, nominally on a mission for Anhur
 who was opposed by Ptah (lawful) and Thoth (neutral).
 You were right-handed.
 You were in the Gnomish Mines, on level 8.
 You entered the dungeon 2291 turns ago.
 It was nighttime.
 There was a new moon in effect when your adventure ended.
 You had 206 experience points, 114 more were needed to attain level 6.

Basics:
 You had 0 out of 42 hit points.
 You had all 47 energy points (spell power).
 Your armor class was 9.
 Your wallet contained 28 zorkmids.
 Autopickup was off.

Final Characteristics:
 Your strength was 11 (limit:18).
 Your dexterity was 10 (limit:18).
 Your constitution was 15 (limit:16).
 Your intelligence was 17 (limit:20).
 Your wisdom was 13 (limit:20).
 Your charisma was 9 (limit:18).

Final Status:
 You weren't hungry.
 You were unencumbered.
 You were wielding a quarterstaff.
 You had basic skill with quarterstaff.

Final Attributes:
 You were devoutly aligned.
 You were magic-protected.
 You were sleep resistant.
 You were telepathic.
 You had infravision.
 You were warded.
 You are dead.

Miscellaneous:
 You didn't encounter any bones levels.
 Total elapsed playing time was 22 minutes and 59 seconds.

Major events:
 Turn
    1: IanCurtis the chaotic male elven Wizard entered the dungeon
 1261: attained the rank of Conjurer (level 3)
 1643: entered the Gnomish Mines
 1835: reached Mine Town
 2291: killed by a jaguar

Spells:
 Name                 Level Category     Fail Retention
 force bolt             1   attack         0%   81%-90%
 magic missile          2   attack         0%   81%-90%

Skills:
 Fighting Skills
   bare handed combat [Unskilled]
   riding             [Unskilled]
 Weapon Skills
   dagger             [Unskilled]
   knife              [Unskilled]
   axe                [Unskilled]
   short sword        [Unskilled]
   club               [Unskilled]
   mace               [Unskilled]
   quarterstaff       [Basic]
   polearms           [Unskilled]
   spear              [Unskilled]
   trident            [Unskilled]
   sling              [Unskilled]
   dart               [Unskilled]
   shuriken           [Unskilled]
 Spellcasting Skills
   attack spells      [Basic]
   healing spells     [Unskilled]
   divination spells  [Unskilled]
   enchantment spells [Basic]
   clerical spells    [Unskilled]
   escape spells      [Unskilled]
   matter spells      [Unskilled]

Voluntary challenges:
 Character rerolling was not enabled.
 You were an atheist.
 You never genocided any monsters.
 You never polymorphed an object.
 You never changed form.
 You used no wishes.
Achievements:
 You entered a shop.
 You attained the rank of Conjurer.
 You entered the Gnomish Mines.
 You entered Minetown.

 The Dungeons of Doom: levels 1 to 4
    Level 1:
       A fountain.
    Level 2:
       A fountain.
    Level 3: "vault"
       A general store.
    Level 4:
       A general store.
       Stairs down to The Gnomish Mines.
 The Gnomish Mines: levels 5 to 8
    Level 5:
    Level 6:
    Level 8: <- You were here.
       A general store.
       Final resting place for
          you, killed by a jaguar.


Vanquished creatures:
  3 gnome leaders
  2 floating eyes
  5 dwarves
  a rothe
  a dwarf zombie
 an iguana
  a coyote
  2 large kobolds
  a giant rat
  a red mold
  6 gnomes
  3 garter snakes
  3 gnome zombies
  3 jackals
  2 foxes
  2 kobolds
  a goblin
  3 sewer rats
  5 grid bugs
  7 lichens
  3 kobold zombies
  4 newts
60 creatures vanquished.

No species were genocided or became extinct.

Game over:
                       ----------
                      /          \
                     /    REST    \
                    /      IN      \
                   /     PEACE      \
                  /                  \
                  |    IanCurtis     |
                  |      28 Au       |
                  |   killed by a    |
                  |      jaguar      |
                  |                  |
                  |                  |
                  |       2026       |
                 *|     *  *  *      | *
        _________)/\\_//(\/(/\)/\//\/|_)_______

Goodbye IanCurtis the Wizard...

You died in The Gnomish Mines on dungeon level 8 with 1200 points,
and 28 pieces of gold, after 2291 moves.
You were level 5 with a maximum of 42 hit points when you died.

